 Dungeon Crawl Stone Soup version 0.27.1-34-g3ba077fa99 (webtiles) character file.

Game seed: 7599480006349346663

312 lordive the Conjurer (level 6, -2/32 HPs)
             Began as a Gargoyle Conjurer on Jan 19, 2022.
             Killed by divine providence
             ... invoked by an orc priest
              (11 damage)
             ... on level 4 of the Dungeon.
             The game lasted 00:07:13 (3676 turns).

lordive the Conjurer (Gargoyle Conjurer)            Turns: 3676, Time: 00:07:13

Health: -2/32      AC:  6    Str: 10    XL:     6   Next: 42%
Magic:  2/11       EV: 11    Int: 21    God:
Gold:   148        SH:  0    Dex:  8    Spells: 9/12 levels left

rFire    . . .     SeeInvis .   (no weapon)
rCold    . . .     Faith    .   (no shield)
rNeg     + . .     Spirit   .   a - +0 robe
rPois    ∞         Reflect  .   (no helmet)
rElec    +         Harm     .   (no cloak)
rCorr    .         Rampage  .   (no gloves)
Will     .....                  (no boots)
Stlth    ++........             (no amulet)
HPRegen  0.10/turn              (no ring)
MPRegen  0.12/turn              (no ring)

@: no status effects
A: sickness immunity, AC +4, negative energy resistance 1, electricity
resistance, torment resistance 1, petrification resistance
a: no special abilities


You were on level 4 of the Dungeon.
You visited 1 branch of the dungeon, and saw 4 of its levels.

You collected 148 gold pieces.

Inventory:

Missiles
 f - 2 throwing nets
Armour
 a - a +0 robe (worn)
Scrolls
 c - a scroll of acquirement {unknown}
 e - a scroll of fear {unknown}
 g - a scroll of immolation {unknown}
 h - 2 scrolls of teleportation {unknown}
 j - a scroll of blinking {unknown}
 l - a scroll of magic mapping {unknown}
 m - a scroll of torment {unknown}
Potions
 b - a potion of lignification {unknown}
 d - a potion of magic {unknown}
 i - a potion of ambrosia {unknown}
 k - a potion of heal wounds {unknown}
 n - 2 potions of curing {unknown}
 o - a potion of attraction {unknown}


   Skills:
 + Level 1.9 Dodging
 + Level 3.1 Stealth
 + Level 3.5 Spellcasting
 + Level 6.9 Conjurations


You had 9 spell levels left.
You knew the following spells:

 Your Spells              Type           Power      Damage    Failure   Level
a - Magic Dart            Conj           100%       1d8       1%          1
b - Searing Ray           Conj           64%        3d5       1%          2

Your spell library contained the following spells:

 Spells                   Type           Power      Damage    Failure   Level
 Dazzling Flash           Conj/Hex       36%        N/A       9%          3
 Fulminant Prism          Conj/Hex       9%         3d7       30%         4
 Iskenderun's Mystic Bla  Conj/Tloc      18%        2d6       30%         4


Dungeon Overview and Level Annotations

Branches:
Dungeon (4/15)
 Temple: D:4-7

Altars:


Innate Abilities, Weirdness & Mutations

You are immune to sickness and miasma.
Your stone body is resilient. (AC +4)
You are immune to poison.
You resist negative energy. (rN+)
You are resistant to electric shocks. (rElec)
You are resistant to unholy torment.
You are immune to petrification.


Message History

The orc warrior is heavily wounded.
The searing ray hits the orc wizard.
The orc wizard is severely wounded.
You finish channeling your searing ray.
The orc warrior barely misses you.
Unknown command.
Casting: Searing Ray (safe; 1% risk of failure)
Confirm with . or Enter, or press ? or * to list all spells.
Aiming: Searing Ray (safe; 1% risk of failure)
Press: ? - help, Shift-Dir - straight line, f - orc priest
Aim: an orc priest, wielding a +0 falchion and wearing a +3 leather armour (81% to hit)
The searing ray misses the orc warrior.
The searing ray hits the orc wizard.
The orc wizard is almost dead.
The searing ray misses the orc priest.
The searing ray hits the kobold!
You kill the kobold! (Press . to maintain the ray.)
The orc priest looks encouraged for a moment.
The orc warrior hits you with a +0 mace.
Unknown command.
The searing ray hits the orc warrior but does no damage.
The orc warrior is heavily wounded.
The searing ray hits the orc priest.
The orc priest is heavily wounded.
The orc wizard closely misses you.
Unknown command.
The searing ray hits the orc priest.
The orc priest is severely wounded.
The orc wizard gestures at you while chanting.
The magic dart hits you!
An orc comes into view. It is wielding a +0 club.
The orc priest invokes the aid of Beogh against you.
Pain shoots through your body!
An orc comes into view. It is wielding a +0 mace.
The orc warrior hits you with a +0 mace!
* * * LOW HITPOINT WARNING * * *
Unknown command.
An orc priest comes into view. It is wielding a +1 whip of venom.
Found a short sword.
The orc priest calls down the wrath of Beogh upon you.
Beogh smites you!
You die...

.#...... .......o........
.#.....###.###...........
.....<..#...##..)#.o.....
.............##..##.o....
.......#.....###).o....#.
......##......#..o.......
#....#................##
.#..........#..o#o..#.##
...........##...@...###
.....)....<.#...........
....#....)...............
##..#....#.#............)
#####.....##............
#.......##...........
#......###..........#
.........##.##......#
...........#


You could see an orc warrior, 2 orc priests, an orc wizard and 2 orcs.

Vanquished Creatures
  An ogre (D:3)
  An orc priest (D:3)
  An orc wizard (D:3)
  A hound skeleton (D:4)
  5 adders
  4 gnolls (D:2)
  A dart slug (D:2)
  5 orcs
  5 ball pythons
  7 bats
  8 endoplasms
  2 giant cockroaches
  6 goblins
  4 hobgoblins
  4 jackals (D:3)
  5 frilled lizards
  9 kobolds
  5 rats
74 creatures vanquished.

Notes
Turn   | Place    | Note
-------+----------+-------------------------------------------
     0 | D:1      | lordive the Gargoyle Conjurer began the quest for the Orb.
     0 | D:1      | Reached XP level 1. HP: 10/10 MP: 3/3
   347 | D:1      | Reached XP level 2. HP: 15/15 MP: 3/5
   424 | D:1      | Found a faded altar of an unknown god.
   429 | D:1      | Learned a level 2 spell: Searing Ray
   581 | D:1      | Reached skill level 5 in Conjurations
   916 | D:1      | Reached XP level 3. HP: 19/19 MP: 4/6
  1543 | D:2      | Reached XP level 4. HP: 9/24 MP: 2/7
  2367 | D:2      | Reached skill level 6 in Conjurations
  2371 | D:2      | Reached XP level 5. HP: 28/28 MP: 0/9
  3468 | D:4      | Noticed an ogre
  3480 | D:3      | Killed an ogre
  3481 | D:3      | Reached XP level 6. HP: 26/32 MP: 4/11
  3658 | D:4      | Noticed an orc warrior
  3676 | D:4      | Killed from afar by an orc priest

Illustrated notes

Levels and vault maps discovered:
D:1:      amcnicky_arrival_single_pillar, layout_loops_ring,
          ebering_ecumenical_altar_box
D:2:      layout_loops_ring, minmay_crystal_room
D:3:      layout_basic
D:4:      layout_cave_pools, nemelex_dance_club_becter, serial_shops,
          nicolae_shop_trees, cheibrodos_sewer_entry_drain,
          gammafunk_ghost_grave, chequers_serial_rivers_small_a, uniq_natasha,
          uniq_blork_the_orc, uniq_pikel

Skill      XL: |  1  2  3  4  5 |
---------------+----------------+-----
Conjurations   | 5 6 |  6.9
Spellcasting   | 3 |  3.5
Stealth        | 3 |  3.1
Dodging        | |  1.9

Action                   |  1- 3 |  4- 6 || total
-------------------------+-------+-------++-------
Melee: Unarmed           |       |     1 ||     1
 Cast: Magic Dart        |    57 |    66 ||   123
       Searing Ray       |     2 |     7 ||     9
Armor: Robe              |     1 |    12 ||    13
Dodge: Dodged            |     5 |    20 ||    25
